 Dungeon Crawl Stone Soup version 0.27-a0-1280-g9d2d252d84 (webtiles) character file.

Game seed: 3683209859053171167

283627 Glokmah the Deadly Accurate (level 19, -4/192 HPs)
             Began as a Troll Hunter on June 13, 2021.
             Was the Champion of Okawaru.
             Shot with a bolt by a yaktaur (6 damage)
             ... led by a vault warden
             ... on level 3 of the Vaults.
             The game lasted 02:04:51 (38128 turns).

Glokmah the Deadly Accurate (Troll Hunter)         Turns: 38128, Time: 02:04:52

Health: -4/192     AC: 23    Str: 35    XL:     19   Next: 76%
Magic:  25/25      EV: 12    Int:  7    God:    Okawaru [******]
Gold:   1883       SH:  5    Dex: 15    Spells: 16/18 levels left

rFire    + . .     SeeInvis .   b - +7 giant club (spect)
rCold    . . .     Faith    .   (shield currently unavailable)
rNeg     . . .     Spirit   .   B - +1 shadow dragon scales of Existentialism {Harm Stlth++++}
rPois    +         Reflect  +   G - +1 hat of the Leaf {rElec rC- Str+9}
rElec    +         Harm     +   L - +2 cloak "Ydwaonwy" {rC+}
rCorr    .         Rampage  .   (gloves unavailable)
Will     ++...                  (boots unavailable)
Stlth    ++++......             c - amulet of reflection
HPRegen  1.42/turn              V - ring "Contueva" {rElec rPois rF+ Will+}
MPRegen  0.19/turn              z - +4 ring of slaying

@: heroic
A: large, unfitting armour, claws 3, regeneration 1, shaggy fur 1, tough skin 1
}: 2/15 runes: barnacled, gossamer
a: Renounce Religion, Heroism, Finesse


You were on level 3 of the Vaults.
You worshipped Okawaru.
Okawaru was exalted by your worship.
You visited 7 branches of the dungeon, and saw 35 of its levels.
You also visited: Ossuary, Bailey and Gauntlet.

You collected 3243 gold pieces.
You spent 1360 gold pieces at shops.

Inventory:

Hand Weapons
 a - a +9 giant spiked club
 b - a +7 spectral giant club (weapon)
 D - the +3 long sword "Mipnux" {antimagic, rPois rN+++ Str-4}
   (You took it off a minotaur in a Gauntlet)

   It reduces the magical energy of the wielder, and disrupts the spells and
   magical abilities of those hit.
   Natural abilities and divine invocations are not affected.
   It affects your strength (-4).
   It protects you from poison.
   It renders you almost immune to negative energy.
Missiles
 d - 7 throwing nets
 f - 30 boomerangs of dispersal
 j - 58 boomerangs
 l - 61 large rocks (quivered)
 y - 131 poisoned darts
 R - 69 javelins
 S - 17 atropa-tipped darts
 W - 21 silver javelins
 Z - 8 curare-tipped darts
Armour
 B - the +1 shadow dragon scales of Existentialism (worn) {Harm Stlth++++}
   (Okawaru gifted it to you on level 4 of the Shoals)

   It increases damage dealt and taken.
   It makes you much more stealthy.
 G - the +1 hat of the Leaf (worn) {rElec rC- Str+9}
   (Okawaru gifted it to you on level 5 of the Lair of Beasts)

   It affects your strength (+9).
   It makes you vulnerable to cold.
   It insulates you from electricity.
 L - the +2 cloak "Ydwaonwy" (worn) {rC+}
   (You found it in a Gauntlet)

   It protects you from cold.
Jewellery
 c - an amulet of reflection (around neck)
 w - an amulet of regeneration
 z - a +4 ring of slaying (right claw)
 C - a ring of protection from fire
 K - a ring of see invisible
 N - a +6 ring of dexterity
 P - a ring of resist corrosion
 V - the ring "Contueva" (left claw) {rElec rPois rF+ Will+}
   (You bought it in a shop on level 13 of the Dungeon)

   [ring of protection from fire]

   It protects you from fire.
   It insulates you from electricity.
   It protects you from poison.
   It increases your willpower.
 Y - a ring of willpower
Wands
 g - a wand of acid (42)
 v - a wand of flame (33)
 x - a wand of charming (22)
 A - a wand of polymorph (17)
 E - a wand of iceblast (24)
 I - a wand of mindburst (42)
 T - a wand of paralysis (16)
Scrolls
 e - 2 scrolls of fear
 h - 4 scrolls of amnesia
 m - a scroll of holy word
 o - 3 scrolls of blinking
 s - 10 scrolls of teleportation
 F - 2 scrolls of magic mapping
 J - 3 scrolls of silence
 M - 4 scrolls of fog
 X - 4 scrolls of summoning
Potions
 i - 6 potions of haste
 k - 7 potions of might
 n - 14 potions of ambrosia
 p - 4 potions of attraction
 q - 4 potions of resistance
 r - 4 potions of mutation
 t - 4 potions of lignification
 u - 3 potions of flight
 H - 5 potions of brilliance
 O - a potion of heal wounds
 Q - 5 potions of berserk rage
 U - a potion of curing


   Skills:
 + Level 12.8(17.8) Fighting
 * Level 16.2(21.2) Maces & Flails
 * Level 18.8(23.8) Throwing
 - Level 8.0(13.0) Armour
 + Level 6.7(11.7) Dodging
 - Level 0.3(5.3) Stealth
 + Level 10.0(15.0) Unarmed Combat
 + Level 10.2 Invocations


You had 16 spell levels left.
You knew the following spells:

 Your Spells              Type           Power      Damage    Failure   Level
a - Blink                 Tloc           N/A        N/A       90%         2

Your spell library contained the following spells:

 Spells                   Type           Power      Damage    Failure   Level
 Animate Skeleton         Necr           0%         N/A       80%         1
 Apportation              Tloc           0%         N/A       80%         1
 Corona                   Hex            0%         N/A       80%         1
 Foxfire                  Conj/Fire      0%         2x1d4     80%         1
 Freeze                   Ice            0%         1d3       80%         1
 Magic Dart               Conj           0%         1d3       80%         1
 Pain                     Necr           0%         1d4       80%         1
 Shock                    Conj/Air       0%         1d3       80%         1
 Summon Small Mammal      Summ           0%         N/A       80%         1
 Call Imp                 Summ           0%         N/A       90%         2
 Corpse Rot               Necr/Air       N/A        N/A       90%         2
 Ensorcelled Hibernation  Hex/Ice        0%         N/A       90%         2
 Searing Ray              Conj           0%         3d3       90%         2
 Slow                     Hex            0%         N/A       90%         2
 Static Discharge         Conj/Air       0%         N/A       90%         2
 Confusing Touch          Hex            0%         N/A       99%         3
 Conjure Flame            Conj/Fire      0%         6-21      99%         3
 Dazzling Flash           Conj/Hex       0%         N/A       99%         3
 Frozen Ramparts          Ice            0%         1d2       99%         3
 Inner Flame              Hex/Fire       0%         N/A       99%         3
 Mephitic Cloud           Conj/Pois/Air  0%         N/A       99%         3
 Ozocubu's Armour         Ice            0%         N/A       99%         3
 Stone Arrow              Conj/Erth      0%         3d7       99%         3
 Swiftness                Air            0%         N/A       99%         3
 Tukima's Dance           Hex            0%         N/A       99%         3
 Vampiric Draining        Necr           0%         2d6       99%         3
 Airstrike                Air            0%         N/A       100%        4
 Fulminant Prism          Conj/Hex       0%         3d6       100%        4
 Hailstorm                Conj/Ice       0%         3d3       100%        4
 Iskenderun's Mystic Bla  Conj/Tloc      0%         2d3       100%        4
 Sticky Flame             Conj/Fire      0%         2d3       100%        4
 Bolt of Magma            Conj/Fire/Erth 0%         4d4       100%        5
 Fireball                 Conj/Fire      0%         3d3       100%        5
 Irradiate                Conj/Tmut      0%         3d13      100%        5
 Lightning Bolt           Conj/Air       0%         1d11      100%        5
 Metabolic Englaciation   Hex/Ice        0%         N/A       100%        5
 Summon Forest            Summ/Tloc      0%         N/A       100%        5
 Blade Hands              Tmut           0%         N/A       100%        6
 Eringya's Noxious Bog    Tmut/Pois      0%         N/A       100%        6
 Simulacrum               Ice/Necr       0%         N/A       100%        6
 Statue Form              Tmut/Erth      0%         N/A       100%        6
 Dragon Form              Tmut           0%         N/A       100%        7
 Storm Form               Tmut/Air       0%         N/A       100%        7
 Summon Hydra             Summ           0%         N/A       100%        7
 Ignition                 Fire           0%         3d3       100%        8


Dungeon Overview and Level Annotations

Branches:
Dungeon (15/15)            Temple (1/1) D:7            Lair (6/6) D:9
 Shoals (4/4) Lair:3       Spider (4/4) Lair:4        Slime (0/5) Lair:5
    Orc (2/2) D:9             Elf (0/3) Orc:2        Vaults (3/5) D:14
 Depths (0/5) D:15        Ossuary (visited)          Bailey (visited)
Gauntlet (visited)
  Crypt: Vaults:2-3

Altars:
Ashenzari
Cheibriados
Dithmenos
Elyvilon
Fedhas
Gozag
Kikubaaqudgha
Makhleb
Okawaru
Qazlal
Sif Muna
Trog
Uskayaw
Vehumet
Yredelemnul
Zin
Beogh

Shops:
D:13 =   Orc:2 ([[:   Shoals:4 ?   Vaults:3 ?

Annotations:
D:4 exclusion: oklob plant


Innate Abilities, Weirdness & Mutations

You are too large for most types of armour.
You have claws for hands.
Your natural rate of healing is unusually fast.
You are covered in fur. (AC +1)
You have tough skin. (AC +1)


Message History

Throw: 66 large rocks
Press: ? - help, Q - select action, (/) - cycle Shift-Dir - straight line, f/p - vault warden
Aim: a vault warden, wielding a +0 arbalest, wearing a +0 plate armour and quivering bolts (77% to hit)
You throw a large rock.
The large rock closely misses the vault warden.
The large rock hits the yaktaur!!!
You kill the yaktaur!
Okawaru accepts your kill.
Throw: 65 large rocks
Press: ? - help, Q - select action, (/) - cycle Shift-Dir - straight line, f/p - vault warden
Aim: a vault warden, wielding a +0 arbalest, wearing a +0 plate armour and quivering bolts (77% to hit)
You throw a large rock.
The large rock hits the vault warden but does no damage.
The vault warden shoots a bolt.
The bolt hits you!!
Throw: 64 large rocks
Press: ? - help, Q - select action, (/) - cycle Shift-Dir - straight line, f/p - vault warden
Aim: a vault warden, wielding a +0 arbalest, wearing a +0 plate armour and quivering bolts (77% to hit)
You throw a large rock. The large rock hits the vault warden.
The vault warden is lightly wounded.
The yaktaur shoots a bolt.
The bolt hits you!!
* * * LOW HITPOINT WARNING * * *
x2 The vault warden activates a sealing rune.
A door slams shut!
Throw: 63 large rocks
Press: ? - help, Q - select action, (/) - cycle Shift-Dir - straight line, f/p - vault warden
Aim: a vault warden, wielding a +0 arbalest, wearing a +0 plate armour and quivering bolts (lightly wounded, 77% to hit)
You throw a large rock. The large rock hits the vault warden!!!
You kill the vault warden!
Okawaru accepts your kill.
The runic seals fade away.
The yaktaur shoots a bolt.
The bolt hits you!!
* * * LOW HITPOINT WARNING * * *
x2 Throw: 62 large rocks
Press: ? - help, Q - select action, (/) - cycle Shift-Dir - straight line, f - yaktaur
Aim: a yaktaur, wielding a +4 vorpal arbalest and quivering bolts (89% to hit)
You throw a large rock. The large rock hits the yaktaur!
The yaktaur is moderately wounded.
The yaktaur shoots a bolt.
The bolt hits you!
* * * LOW HITPOINT WARNING * * *
You die...

##### ##...##
####.....#### .
##...#...#...## c.
#).<[.###..@..# ...
##...#..c#...##c...
####....)####.c...
. ##.(.###.......
....##+##.........
...........c.......
...########........
#........ #........


You could see a yaktaur.

Vanquished Creatures
  Mennas (Vaults:2)
  Saint Roka (Orc:2)
  Arachne (Spider:3)
  Jorgrun (Shoals:1)
  A tentacled monstrosity (Vaults:1)
  A kraken (Shoals:4)
  A sphinx (Vaults:2)
  Ilsuiw (Shoals:3)
  A frost giant (Vaults:3)
  4 ghost moths (Spider:4)
  8 vault wardens
  2 orc warlords
  The ghost of Conn the Thaumaturge, an adept OpFE of Sif Muna (Shoals:2)
  6 emperor scorpions (Spider:4)
  10 ironbound preservers
  A war gargoyle (D:14)
  An entropy weaver (Vaults:2)
  A minotaur (Gauntlet)
  A deep elf annihilator (Vaults:3)
  A spark wasp (Spider:2)
  2 dire elephants
  7 merfolk javelineers
  4 yaktaur captains
  9 merfolk impalers
  2 great orbs of eyes
  A rakshasa (D:15)
  2 ironbound thunderhulks
  8 hydras
  8 vault guards
  10 centaur warriors
  3 merfolk avatars
  2 ogre magi
  A boulder beetle (D:13)
  An ironbound frostheart (Vaults:2)
  3 merfolk aquamancers (Shoals:4)
  14 two-headed ogres
  The ghost of Behiugoeme the Thaumaturge, a journeyman DECj of Kikubaaqudgha (Lair:3)
  A tengu warrior (D:13)
  8 death yaks
  2 satyrs (Shoals:4)
  5 ironbound beastmasters
  Urug (D:11)
  Nergalle (Lair:1)
  Sonja (D:11)
  4 sixfirhies (Gauntlet)
  A deep elf archer (D:15)
  11 sea snakes
  A glowing orange brain (D:15)
  26 deep trolls
  7 orb spiders (Spider:4)
  15 ironbound convokers
  7 wizards
  6 deep elf pyromancers
  2 large abominations (Gauntlet)
  10 lindwurms
  26 ugly things
  12 orc knights
  2 deep elf zephyrmancers (D:15)
  4 harpies
  2 necromancers (D:14)
  24 wolf spiders
  11 fauns
  13 manticores
  An orc sorcerer (Orc:2)
  3 oklob plants (Lair:2)
  7 elephants
  16 cyclopes
  A manticore (shapeshifter) (D:15)
  4 moths of wrath
  8 merfolk sirens
  3 black mambas
  8 vault sentinels
  4 water nymphs
  14 cane toads
  A torpor snail (Lair:5)
  A kobold demonologist (D:13)
  8 rime drakes
  Maggie (D:7)
  7 komodo dragons
  13 demonic crawlers
  26 yaktaurs
  A tengu conjurer (D:13)
  3 efreet
  23 jumping spiders
  27 merfolk
  7 wind drakes
  A queen bee (Lair:3)
  8 trolls
  13 polar bears
  28 slime creatures
  9 blink frogs
  7 hornets
  9 snapping turtles
  2 dream sheep (Lair:5)
  2 raiju (Lair:6)
  6 spriggans (Lair:3)
  45 redbacks
  3 shadows
  21 tarantellas
  2 wraiths (D:11)
  2 water elementals
  Eustachio (D:6)
  9 wyverns
  46 yaks
  10 basilisks
  3 fire elementals (D:14)
  A steam dragon (D:6)
  4 vampire mosquitoes
  8 wargs
  14 water moccasins
  3 acid dragons
  15 hell hounds (Lair:6)
  48 orc warriors
  12 black bears
  A sky beast (D:8)
  An ice beast (D:7)
  A necrophage (D:9)
  5 boggarts (Vaults:2)
  34 wolves
  8 ogres
  5 centaurs
  2 phantoms (D:7)
  4 kobold brigands
  A wyvern zombie (D:5)
  5 bullfrogs
  3 gnoll sergeants
  3 water moccasin zombies (Ossuary)
  2 water moccasin skeletons (D:6)
  A wyvern skeleton (D:6)
  33 killer bees
  3 small abominations (Gauntlet)
  6 wights (D:10)
  3 howler monkeys
  9 electric eels
  A lava snake (Lair:5)
  5 jellies
  4 centaur zombies
  20 orc priests
  3 hounds
  3 bullfrog skeletons (D:5)
  4 iguanas
  19 orc wizards
  6 hell rats (Lair:5)
  Terence (D:3)
  3 mummies
  A howler monkey zombie (D:10)
  12 gnolls
  A howler monkey skeleton (D:5)
  3 adders
  2 river rats (D:8)
  4 white imps
  3 adder zombies (Ossuary)
  6 worms
  2 dart slugs
  112 orcs
  14 endoplasms
  2 giant cockroaches
  4 gnoll zombies (Ossuary)
  9 goblins
  9 hobgoblins
  9 jackals
  21 kobolds
  5 quokkas
  8 ball pythons
  5 bats
  A goblin zombie (D:4)
  8 hobgoblin zombies
  6 kobold zombies
  An orc zombie (D:5)
  12 rats
  A rat zombie (D:4)
  A butterfly (Lair:3)
  A tentacle (Shoals:4)
1307 creatures vanquished.

Vanquished Creatures (collateral kills)
  A black mamba (Lair:6)
1 creature vanquished.

Vanquished Creatures (others)
  3 orc wizards (D:8)
  A white imp (Spider:1)
  38 fungi
  150 plants
  42 tentacles (Shoals:4)
  A withered plant (D:10)
235 creatures vanquished.

Grand Total: 1543 creatures vanquished

Notes
Turn   | Place    | Note
-------+----------+-------------------------------------------
     0 | D:1      | Glokmah the Troll Hunter began the quest for the Orb.
     0 | D:1      | Reached XP level 1. HP: 19/19 MP: 0/0
   164 | D:1      | Reached XP level 2. HP: 21/28 MP: 1/1
   217 | D:1      | Reached skill level 4 in Throwing
   307 | D:1      | Reached XP level 3. HP: 35/35 MP: 2/2
   532 | D:1      | Reached skill level 1 in Unarmed Combat
   767 | D:2      | Found a faded altar of an unknown god.
  1423 | D:3      | Reached XP level 4. HP: 38/42 MP: 3/3
  1867 | D:3      | Noticed Terence
  1874 | D:3      | Killed Terence
  1875 | D:3      | Reached skill level 1 in Maces & Flails
  2425 | D:4      | Reached XP level 5. HP: 48/50 MP: 4/4
  2435 | D:4      | Found a sand-covered staircase.
  2442 | Ossuary  | Entered an ossuary
  2571 | Ossuary  | Reached skill level 5 in Throwing
  2588 | Ossuary  | Reached XP level 6. HP: 58/59 MP: 5/5
  2942 | D:4      | Found a blossoming altar of Fedhas.
  2989 | D:4      | Noticed an oklob plant
  3069 | D:4      | Found a stormy altar of Qazlal.
  3263 | D:5      | Entered Level 5 of the Dungeon
  3312 | D:5      | Reached XP level 7. HP: 43/67 MP: 6/6
  3436 | D:5      | Reached skill level 6 in Throwing
  4099 | D:6      | Reached XP level 8. HP: 77/78 MP: 7/7
  4155 | D:6      | Reached skill level 7 in Throwing
  4155 | D:6      | You fall into a shaft and drop 2 floors!
  4252 | D:7      | Found a white marble altar of Elyvilon.
  4465 | D:6      | Noticed Eustachio
  4480 | D:6      | Killed Eustachio
  4670 | D:7      | Found a staircase to the Ecumenical Temple.
  4677 | Temple   | Entered the Ecumenical Temple
  4685 | Temple   | Became a worshipper of Warmaster Okawaru
  4857 | D:7      | Reached XP level 9. HP: 77/85 MP: 8/8
  4879 | D:7      | Reached skill level 1 in Invocations
  5057 | D:7      | Noticed Maggie
  5078 | D:7      | Killed Maggie
  5079 | D:7      | Reached skill level 8 in Throwing
  5127 | D:7      | Reached * piety under Okawaru
  5363 | D:8      | Reached skill level 5 in Fighting
  5509 | D:8      | Reached skill level 5 in Dodging
  5997 | D:8      | Reached skill level 5 in Maces & Flails
  5999 | D:8      | HP: 4/88 [killer bee (6)]
  6499 | D:9      | Found a staircase to the Orcish Mines.
  6587 | D:8      | Reached skill level 9 in Throwing
  6949 | D:9      | Reached XP level 10. HP: 96/96 MP: 9/11
  7182 | D:9      | Found a basalt altar of Yredelemnul.
  7182 | D:9      | Found a broken altar of Ashenzari.
  7532 | D:9      | Found a staircase to the Lair.
  7533 | D:9      | Noticed a death yak
  7534 | D:9      | Noticed a death yak
  7534 | D:9      | Noticed a death yak
  7534 | D:9      | Noticed a two-headed ogre
  7639 | Lair:1   | Entered Level 1 of the Lair of Beasts
  7645 | Lair:1   | Noticed a black mamba
  7669 | Lair:1   | Killed a black mamba
  7691 | Lair:1   | Reached ** piety under Okawaru
  7939 | Lair:1   | Noticed an eight-headed hydra
  7944 | Lair:1   | Killed an eight-headed hydra
  7945 | Lair:1   | Reached skill level 10 in Throwing
  7973 | Lair:1   | Reached *** piety under Okawaru
  8061 | Lair:1   | Noticed a cane toad
  8090 | Lair:1   | Killed a cane toad
  8208 | Lair:1   | Received a gift from Okawaru
  8229 | Lair:1   | Reached XP level 11. HP: 91/106 MP: 13/13
  8755 | Lair:2   | Reached **** piety under Okawaru
  8808 | Lair:2   | Noticed Nergalle
  8871 | Lair:1   | Reached skill level 5 in Invocations
  8878 | Lair:1   | Received a gift from Okawaru
  9047 | Lair:1   | Killed Nergalle
  9297 | Lair:2   | Reached skill level 11 in Throwing
  9302 | Lair:2   | Noticed an oklob plant
  9307 | Lair:2   | Killed an oklob plant
  9307 | Lair:2   | Received a gift from Okawaru
  9308 | Lair:2   | Noticed an oklob plant
  9308 | Lair:2   | Noticed an oklob plant
  9327 | Lair:2   | Killed an oklob plant
  9329 | Lair:2   | Killed an oklob plant
  9394 | Lair:2   | Received a gift from Okawaru
  9395 | Lair:2   | Reached skill level 5 in Unarmed Combat
  9822 | Lair:2   | Identified the +1 scale mail of Magic {Stlth+}
 10165 | Lair:3   | Reached ***** piety under Okawaru
 10396 | Lair:3   | Reached XP level 12. HP: 117/118 MP: 15/15
 10786 | Lair:3   | Found a bloodstained altar of Trog.
 10786 | Lair:3   | Noticed Behiugoeme's ghost (journeyman DECj)
 10793 | Lair:3   | Found a transporter.
 10808 | Lair:3   | Received a gift from Okawaru
 10828 | Lair:3   | Found a transporter.
 10931 | Lair:3   | Found a staircase to the Shoals.
 11514 | Lair:3   | Received a gift from Okawaru
 11521 | Lair:3   | Reached skill level 12 in Throwing
 11592 | Lair:4   | Reached skill level 1 in Armour
 11754 | Lair:4   | Received a gift from Okawaru
 11781 | Lair:4   | Found a hole to the Spider Nest.
 11807 | Lair:4   | Noticed an eight-headed hydra
 11807 | Lair:4   | Noticed a five-headed hydra
 11814 | Lair:4   | Killed an eight-headed hydra
 11816 | Lair:4   | Killed a five-headed hydra
 11895 | Lair:4   | Received a gift from Okawaru
 12733 | Lair:5   | Reached XP level 13. HP: 120/127 MP: 17/17
 13078 | Lair:5   | Found a staircase to the Slime Pits.
 13087 | Lair:5   | Received a gift from Okawaru
 13135 | Lair:5   | Reached skill level 13 in Throwing
 13268 | Lair:5   | Identified the +1 hat of the Leaf {rElec rC- Str+9}
                  | (Okawaru gifted it to you on level 5 of the Lair of Beasts)
 13268 | Lair:5   | Received a gift from Okawaru
 13862 | Lair:6   | Entered Level 6 of the Lair of Beasts
 14342 | Lair:6   | Identified Wystrif's Collected Works on the Doomed
                  | Volcanoes
 14376 | Lair:6   | Received a gift from Okawaru
 14407 | Lair:6   | Noticed a dire elephant
 14411 | Lair:6   | Killed a dire elephant
 14799 | Lair:6   | Reached XP level 14. HP: 129/140 MP: 19/19
 15543 | Lair:3   | Killed Behiugoeme's ghost
 15551 | Lair:3   | Reached skill level 5 in Armour
 15739 | D:9      | Reached skill level 14 in Throwing
 15989 | Orc:1    | Entered Level 1 of the Orcish Mines
 16314 | D:10     | Entered Level 10 of the Dungeon
 16422 | Orc:1    | Identified the +2 cloak of Disguise {Fly Will- Str+6
                  | Stlth+} (Okawaru gifted it to you on level 1 of the Orcish
                  | Mines)
 16422 | Orc:1    | Received a gift from Okawaru
 16532 | Orc:1    | You fall into a shaft and drop 1 floor!
 16532 | Orc:2    | Entered Level 2 of the Orcish Mines
 16544 | Orc:2    | Found Mezxoet's Antique Weapon Shop.
 16556 | Orc:2    | Noticed Saint Roka
 16639 | Orc:2    | Reached skill level 10 in Maces & Flails
 17042 | Orc:2    | Noticed an orc warlord
 17147 | Orc:1    | Killed an orc warlord
 17280 | Orc:2    | Found a staircase to the Elven Halls.
 17757 | Orc:2    | Killed Saint Roka
 17757 | Orc:2    | Received a gift from Okawaru
 17757 | Orc:2    | Identified the +0 robe "Seitt" {*Slow rC+ Dex+8} (Okawaru
                  | gifted it to you on level 2 of the Orcish Mines)
 17757 | Orc:2    | Received a gift from Okawaru
 17758 | Orc:2    | Reached skill level 10 in Fighting
 17774 | Orc:2    | Reached XP level 15. HP: 146/149 MP: 14/20
 17882 | Orc:2    | Found Wichaist's Antique Armour Boutique.
 18039 | Orc:2    | Found Ussitargh's Armour Boutique.
 18168 | Orc:2    | Reached skill level 15 in Throwing
 18416 | Orc:2    | Found Cauv Ukhly's Book Shop.
 18919 | D:10     | Found a shadowy altar of Dithmenos.
 19061 | D:10     | You fall into a shaft and drop 2 floors!
 19158 | D:12     | Identified a scroll of acquirement
 19158 | D:12     | Acquired a +2 great mace of protection
 19264 | D:11     | Found a flagged portal.
 19275 | Bailey   | Entered a bailey
 19432 | Bailey   | Acquired the ring of Cowardice {Will+ Int+6}
 19941 | D:11     | Noticed Urug
 19949 | D:11     | Killed Urug
 20044 | D:11     | Noticed Sonja
 20055 | D:11     | Killed Sonja
 20919 | D:12     | Received a gift from Okawaru
 21308 | D:13     | Received a gift from Okawaru
 21392 | D:13     | Found Lyhajo's Jewellery Shoppe.
 21605 | D:13     | Received a gift from Okawaru
 21969 | D:14     | Received a gift from Okawaru
 22151 | D:14     | Found a gate to the Vaults.
 22470 | D:14     | Received a gift from Okawaru
 22785 | D:15     | Entered Level 15 of the Dungeon
 22834 | D:15     | Found a gate leading to a gauntlet.
 22843 | Gauntlet | Entered a Gauntlet
 22843 | Gauntlet | Found a transporter.
 22843 | Gauntlet | Found a transporter.
 22843 | Gauntlet | Found a transporter.
 22847 | Gauntlet | Found a transporter.
 22847 | Gauntlet | Found a transporter.
 22847 | Gauntlet | Found a transporter.
 22849 | Gauntlet | Found a large runed translucent door.
 22850 | Gauntlet | Found a large runed translucent door.
 22851 | Gauntlet | Found a large runed translucent door.
 22851 | Gauntlet | Found a large runed translucent door.
 22851 | Gauntlet | Found a runed translucent door.
 22852 | Gauntlet | Found a large runed translucent door.
 22853 | Gauntlet | Found a large runed translucent door.
 22854 | Gauntlet | Found a large runed translucent door.
 22854 | Gauntlet | Found a large runed translucent door.
 22855 | Gauntlet | Found a runed translucent gate.
 22857 | Gauntlet | Found a transporter.
 22861 | Gauntlet | Found a transporter.
 22873 | Gauntlet | Found a transporter.
 22876 | Gauntlet | Found a transporter.
 22895 | Gauntlet | Found a transporter.
 22899 | Gauntlet | Found a transporter.
 22901 | Gauntlet | Found a runed translucent gate.
 22901 | Gauntlet | Found a runed translucent gate.
 22902 | Gauntlet | Found a large runed translucent door.
 22902 | Gauntlet | Found a large runed translucent door.
 22903 | Gauntlet | Found a large runed translucent door.
 22904 | Gauntlet | Found a large runed translucent door.
 22905 | Gauntlet | Found a large runed translucent door.
 22905 | Gauntlet | Found a large runed translucent door.
 22905 | Gauntlet | Found a runed translucent door.
 22906 | Gauntlet | Found a large runed translucent door.
 22907 | Gauntlet | Found a large runed translucent door.
 23156 | Gauntlet | Received a gift from Okawaru
 23229 | Gauntlet | Reached ****** piety under Okawaru
 23232 | Gauntlet | Identified the amulet "Temuj" {RegenMP rElec rPois Slay+2}
 23252 | Gauntlet | Received a gift from Okawaru
 23259 | Gauntlet | Received a gift from Okawaru
 23273 | Gauntlet | Identified the +2 cloak "Ydwaonwy" {rC+}
 23306 | Gauntlet | Identified the +3 long sword "Mipnux" {antimagic, rPois
                  | rN+++ Str-4}
 23306 | Gauntlet | Identified the +6 chain mail of Old and Reckless {rPois
                  | rC+}
 23312 | Gauntlet | Reached XP level 16. HP: 161/161 MP: 13/21
 23321 | Gauntlet | Identified the ring of Tender Moments {Fly rF+ Will- Dex+4}
 23431 | D:15     | Reached skill level 16 in Throwing
 23555 | D:15     | Found an opulent altar of Gozag.
 23768 | D:15     | Found a staircase to the Depths.
 24680 | D:13     | Bought the ring "Contueva" {rElec rPois rF+ Will+} for 683
                  | gold pieces
 24986 | Shoals:1 | Entered Level 1 of the Shoals
 25096 | Shoals:1 | Received a gift from Okawaru
 25258 | Shoals:1 | Noticed Jorgrun
 25270 | Shoals:1 | Killed Jorgrun
 25415 | Shoals:1 | Learned a level 2 spell: Blink
 25847 | Shoals:2 | Found a large runed translucent door.
 25848 | Shoals:2 | Found a large runed translucent door.
 25884 | Shoals:2 | Noticed Conn's ghost (adept OpFE)
 25926 | Shoals:2 | Killed Conn's ghost
 25931 | Shoals:2 | Identified the +5 dagger of Impermanence {flame, rPois rN+
                  | Str+7 Dex+4}
 26991 | Shoals:3 | Noticed Ilsuiw
 27005 | Shoals:3 | Killed Ilsuiw
 27016 | Shoals:3 | Received a gift from Okawaru
 27256 | Shoals:4 | Entered Level 4 of the Shoals
 27368 | Shoals:4 | Noticed a kraken
 27648 | Shoals:4 | Received a gift from Okawaru
 27668 | Shoals:4 | Identified the +2 plate armour "Raesipp" {Str+2 Int+4}
 27685 | Shoals:4 | Identified the +1 shadow dragon scales of Existentialism
                  | {Harm Stlth++++} (Okawaru gifted it to you on level 4 of
                  | the Shoals)
 27685 | Shoals:4 | Received a gift from Okawaru
 27735 | Shoals:3 | Reached XP level 17. HP: 118/170 MP: 22/22
 28365 | Shoals:4 | HP: 2/170 [manticore (10)]
 28366 | Shoals:4 | Found Heodauc's Magic Scroll Shoppe.
 28372 | Shoals:4 | HP: 4/170 [manticore/volley of spikes (10)]
 28380 | Shoals:4 | HP: 6/170 [manticore (10)]
 28796 | Shoals:4 | Killed a kraken
 28856 | Shoals:4 | Got a barnacled rune of Zot
 28875 | Shoals:4 | Noticed a kraken
 29016 | Spider:1 | Entered Level 1 of the Spider Nest
 29450 | Spider:1 | Reached skill level 17 in Throwing
 29733 | Spider:2 | Identified the +0 cloak "Fajos" {rPois rC- Dex+3}
 30834 | Shoals:4 | Identified the +1 plate armour of Greater Demons {Harm
                  | Int+4}
 31088 | Shoals:4 | Bought a scroll of teleportation for 51 gold pieces
 31088 | Shoals:4 | Bought a scroll of teleportation for 51 gold pieces
 31193 | Shoals:4 | Identified the Collected Works on the Arsonist and Dark
                  | Rites
 31711 | Spider:3 | Received a gift from Okawaru
 31860 | Spider:3 | Noticed Arachne
 31865 | Spider:3 | Killed Arachne
 32305 | Spider:4 | Entered Level 4 of the Spider Nest
 32378 | Spider:4 | Received a gift from Okawaru
 32534 | Spider:4 | Received a gift from Okawaru
 32689 | Spider:4 | Received a gift from Okawaru
 32796 | Spider:4 | Received a gift from Okawaru
 33471 | Shoals:4 | Bought 2 scrolls of enchant weapon for 255 gold pieces
 33940 | Spider:4 | Reached XP level 18. HP: 102/182 MP: 21/24
 34305 | Spider:4 | Received a gift from Okawaru
 34305 | Spider:4 | Paralysed by a hornet for 2 turns
 34358 | Spider:4 | Got a gossamer rune of Zot
 34841 | Vaults:1 | Entered Level 1 of the Vaults
 34841 | Vaults:1 | Noticed a tentacled monstrosity
 34847 | Vaults:1 | Killed a tentacled monstrosity
 34847 | Vaults:1 | Received a gift from Okawaru
 34860 | Vaults:1 | Reached skill level 15 in Maces & Flails
 34903 | Vaults:1 | Reached skill level 10 in Invocations
 35228 | Vaults:1 | Received a gift from Okawaru
 35254 | Vaults:1 | Received a gift from Okawaru
 35372 | Vaults:1 | Reached skill level 18 in Throwing
 36254 | Vaults:2 | Acquired a +7 spectral giant club
 36310 | Vaults:2 | Identified the +9 shortbow of True Grit {flame, rF+ Int-4
                  | Dex+9} (Okawaru gifted it to you on level 2 of the Vaults)
 36310 | Vaults:2 | Received a gift from Okawaru
 36573 | Vaults:2 | Reached XP level 19. HP: 191/191 MP: 25/25
 36895 | Vaults:2 | Received a gift from Okawaru
 36934 | Vaults:2 | Noticed Mennas
 37097 | Vaults:2 | Killed Mennas
 37269 | Vaults:2 | Received a gift from Okawaru
 37338 | Vaults:2 | Identified the ring "Veenar" {Fire *Slow rN+ Slay+2}
 37558 | Vaults:2 | Received a gift from Okawaru
 37825 | Vaults:3 | Found Ybow Hue's Magic Scroll Emporium.
 37831 | Vaults:3 | Bought a scroll of teleportation for 48 gold pieces
 37831 | Vaults:3 | Bought a scroll of teleportation for 48 gold pieces
 37831 | Vaults:3 | Bought a scroll of blinking for 120 gold pieces
 37831 | Vaults:3 | Bought a scroll of teleportation for 48 gold pieces
 37831 | Vaults:3 | Bought a scroll of fear for 56 gold pieces
 37882 | Vaults:3 | Reached skill level 10 in Unarmed Combat
 38128 | Vaults:3 | HP: 2/192 [yaktaur/bolt[a vault warden] (18)]
 38128 | Vaults:3 | Shot with a bolt by a yaktaur

Illustrated notes

Levels and vault maps discovered:
D:1:      onia_arrival_handbag, layout_basic, supply_closet_lemuel, fountainhead
D:2:      layout_loops_cross, hellmonk_ecumenical_altar_pennies_from_heaven
D:3:      layout_basic, uniq_terence
D:4:      layout_loops_ring, tgw_fedhas, lemuel_coloured_pillars_altar,
          enter_ossuary_4
D:5:      layout_cave_pools, corexii_leaking_fountain, minmay_mini_ossuary
D:6:      layout_loops_ring, uniq_eustachio
D:7:      layout_rooms, lemuel_doored_altar, minmay_temple_entry_junction,
          serial_bayou_pond_e, kennysheep_small_square, uniq_maggie
D:8:      layout_layer_cave
D:9:      layout_cave_pools, gammafunk_temple_overflow_wave, dpeg_lair_monsters,
          minmay_orc_entry_temple_small
D:10:     layout_cave_pools, nicolae_dithmenos_through_a_glass_darkly,
          serial_undead, serial_undead_d, serial_undead_c, serial_undead_e,
          serial_undead_b
D:11:     layout_basic, enter_bailey_3, blue_anna_alchemist, uniq_urug,
          uniq_sonja
D:12:     layout_big_octagon, minmay_fractal_squares_gapless_5
D:13:     layout_basic, kennysheep_windowed_goal
D:14:     layout_long_grid, david_vaults_1, nrook_mini_backslash,
          kennysheep_island_fort
D:15:     gammafunk_enter_depths_forms, layout_gridville,
          gauntlet_entry_generic, serial_park_tiny_1, nicolae_gozag_seed_capital
Temple:   lightli_temple_of_artemis
Lair:1:   layout_gridlike
Lair:2:   layout_regular_city, chequers_serial_rivers_small_3,
          beast_lair_carwin_8, lemuel_fruit_fields, minmay_lair_oklob_chamber,
          uniq_nergalle
Lair:3:   layout_small_grid, elwin_shoals_entry_rooms, special_room
          [special_room_bee], gammafunk_ghost_wrathful_warriors,
          grunt_megastairs_5, lemuel_fruit_fields
Lair:4:   layout_long_grid, spider_nest_entry_rubble,
          chequers_serial_rivers_room_a, minivault_25,
          chequers_serial_rivers_room_a
Lair:5:   layout_gridlike, slime_dummy, special_room
          [special_room_mythical_zoo], serial_bayou_lake_a
Lair:6:   hangedman_lair_caniforms_friends, layout_cave_pods
Shoals:1: layout_shoals, st_cyclops, uniq_jorgrun
Shoals:2: layout_shoals, ebering_ghost_disaster_area
Shoals:3: layout_shoals, uniq_ilsuiw
Shoals:4: shoals_end_hangedman, layout_shoals, shoal_ilsuiw, serial_shops,
          nicolae_shop_crystal
Spider:1: layout_spider_delve, nicolae_crawler_farm,
          hangedman_spider_tarantella_strand
Spider:2: layout_spider_delve
Spider:3: layout_spider_delve, uniq_arachne
Spider:4: spider_rune_water
Orc:1:    layout_caves, serial_shops
Orc:2:    grunt_orc_community_town_hall, layout_diamond_mine,
          grunt_orc_community_big_house_2, grunt_orc_community_big_house_1,
          grunt_orc_community_house_1, grunt_orc_community_house_2,
          grunt_orc_community_house_2, grunt_orc_community_house_3,
          grunt_orc_community_house_3, grunt_orc_community_house_2
Vaults:1: nicolae_vaults_network_star, vaults_room_grunt_arrival_checkpoint,
          v_pattern_2, grunt_vaults_hallway_short, v_misc_13,
          vaults_dpeg_diagonal, nicolae_vaults_windows_and_doors_thing,
          v_misc_16, hangedman_vaults_corner, nicolae_vaults_theta,
          ontoclasm_vaults_gateway, layout_vaults_omnicross
Vaults:2: nicolae_vaults_little_squares_6, v_rooms_2,
          nicolae_vaults_lopsided_apartments,
          nicolae_vaults_stairing_the_circle, v_alt_pattern_4,
          nicolae_vaults_triangles, nicolae_vaults_little_squares_2,
          nicolae_vaults_ring_of_whatevers, hangedman_vaults_cutoff, v_rooms_1,
          vaults_mumra_chevron, layout_vaults_maze, uniq_mennas
Vaults:3: vaults_mumra_hexcomb, nicolae_vaults_border_crossing,
          hangedman_vaults_slice, minmay_crypt_entry_simple_sparse,
          vaults_standard_mumra_lines, nicolae_vaults_gold_heap,
          layout_vaults_omnigrid, serial_shops, shop_fountains

Skill      XL: |  1  2  3  4  5  6  7  8  9 10 11 12 13 14 15 16 17 18 19 |
---------------+----------------------------------------------------------+-----
Throwing       | 4 5 6 7 9 10 11 12 13 14 15 16 17 18 | 18.8
Fighting       | 2 3 4 5 6 7 8 9 10 11 12 | 12.8
Unarmed Combat | 1 3 5 6 7 9 10 | 10.0
Dodging        | 2 3 4 5 6 |  6.7
Maces & Flails | 1 2 3 4 5 6 7 8 9 11 12 13 14 15 16 | 16.2
Invocations    | 3 4 6 7 8 9 10 | 10.2
Armour         | 2 4 5 6 7 8 |  8.0
Stealth        | |  0.3

Action                   |  1- 3 |  4- 6 |  7- 9 | 10-12 | 13-15 | 16-18 | 19-21 || total
-------------------------+-------+-------+-------+-------+-------+-------+-------++-------
Melee: Unarmed           |   101 |   235 |   416 |       |    82 |       |       ||   834
       Punch             |       |       |     3 |    17 |    38 |    19 |       ||    77
       Mace              |       |       |    25 |   773 |   526 |       |       ||  1324
       Giant club        |       |       |       |       |   105 |    28 |    90 ||   223
       Giant spiked club |       |       |       |       |   238 |   156 |       ||   394
       Eveningstar       |       |       |       |       |   166 |   502 |       ||   668
Throw: Boomerang         |       |     3 |    28 |   253 |   393 |   208 |    43 ||   928
       Large rock        |       |     1 |     9 |    27 |   108 |   263 |    69 ||   477
       Throwing net      |       |       |     1 |       |     3 |       |       ||     4
       Javelin           |       |       |       |    26 |   103 |    55 |     4 ||   188
       Dart              |       |       |       |    33 |       |       |       ||    33
Invok: Heroism           |       |       |     6 |    19 |    29 |    31 |     6 ||    91
       Finesse           |       |       |       |       |     8 |     9 |     3 ||    20
Evoke: Wand              |       |       |       |       |     5 |       |       ||     5
  Use: Scroll            |       |     8 |     5 |     7 |    23 |    17 |       ||    60
       Potion            |       |       |     5 |       |     6 |    15 |       ||    26
 Stab: Sleeping          |     2 |       |     1 |       |       |     4 |     1 ||     8
       Held in net/web   |       |       |       |       |     1 |       |       ||     1
       Distracted        |       |       |       |       |       |     2 |     1 ||     3
Armor: Robe              |    31 |    65 |    79 |       |       |       |       ||   175
       Swamp dragon scal |       |       |   117 |   513 |   816 |   329 |       ||  1775
       Shadow dragon sca |       |       |       |       |       |   315 |    23 ||   338
Dodge: Dodged            |    25 |   104 |   278 |   622 |  1100 |   526 |    33 ||  2688
Block: Other             |       |       |       |       |       |    44 |    14 ||    58
       Reflection        |       |       |       |       |       |     3 |     3 ||     6

Table legend: (Time is in decaauts)
 A = Elapsed time spent in this place.
 B = Non-inter-level travel time spent in this place.
 C = Inter-level travel time spent in this place.
 D = Time resting spent in this place.
 E = Time spent auto-exploring this place.
 F = Levels seen in this place.
 G = Mean time per level.
                   A        B        C        D        E       F      G
               +--------+--------+--------+--------+--------+-----+--------+
         Total |  38152 |  32820 |   5332 |   2195 |  19252 |  38 | 1004.0 |
       Dungeon |  13870 |  11910 |   1960 |    291 |   8108 |  15 |  924.7 |
        Temple |     16 |     16 |      0 |      0 |      0 |   1 |   16.0 |
          Lair |   8769 |   7269 |   1500 |    326 |   4516 |   6 | 1461.5 |
        Shoals |   5013 |   4176 |    837 |    692 |   1897 |   4 | 1253.2 |
   Spider Nest |   3812 |   3082 |    730 |    272 |   1796 |   4 |  953.0 |
  Orcish Mines |   2253 |   2171 |     82 |    195 |    949 |   2 | 1126.5 |
        Vaults |   3222 |   3001 |    221 |    372 |   1697 |   3 | 1074.0 |
       Ossuary |    234 |    234 |      0 |     27 |     12 |   1 |  234.0 |
        Bailey |    396 |    396 |      0 |     19 |     57 |   1 |  396.0 |
      Gauntlet |    563 |    563 |      0 |      0 |    219 |   1 |  563.0 |
               +--------+--------+--------+--------+--------+-----+--------+

Top non-repeatable levels by time:
  Lair:3: 1843 daAuts
Shoals:4: 1723 daAuts
Vaults:2: 1703 daAuts
     D:9: 1577 daAuts
  Lair:1: 1555 daAuts
     D:8: 1520 daAuts
  Lair:6: 1480 daAuts
Vaults:1: 1439 daAuts
   Orc:2: 1404 daAuts
  Lair:2: 1348 daAuts
  Lair:5: 1347 daAuts
Shoals:3: 1301 daAuts
Spider:4: 1297 daAuts
    D:15: 1209 daAuts
  Lair:4: 1192 daAuts
